 Dungeon Crawl Stone Soup version 0.29-a0-878-g7b45a56547 (webtiles) character file.

Game seed: 5809891198131294321

15 jlumianski the Chiller (level 2, -3/19 HPs)
             Began as a Demonspawn Ice Elementalist on July 20, 2022.
             Slain by a worm (9 damage)
             ... on level 2 of the Dungeon.
             The game lasted 00:04:20 (570 turns).

jlumianski the Chiller (Demonspawn Ice Elementalist) Turns: 570, Time: 00:04:22

Health: -3/19      AC:  3    Str:  8    XL:     2   Next: 34%
Magic:  1/5        EV: 11    Int: 16    God:
Gold:   31         SH:  5    Dex: 13    Spells: 4/5 levels left

rFire   . . .      SeeInvis .   g - +0 rapier
rCold   + . .      Faith    .   (no shield)
rNeg    . . .      Spirit   .   d - +0 leather armour
rPois   .          Reflect  +   (no helmet)
rElec   .          Harm     .   (no cloak)
rCorr   .          Rampage  .   (no gloves)
Will    .....                   (no boots)
Stlth   ++........              e - amulet of reflection
HPRegen 0.06/turn               h - ring of protection from cold
MPRegen 0.09/turn               (no ring)

@: no status effects
A: weakness stinger 1
a: no special abilities


You were on level 2 of the Dungeon.
You visited 1 branch of the dungeon, and saw 2 of its levels.

You collected 31 gold pieces.

Inventory:

Hand Weapons
 f - a +0 spear
 g - a +0 rapier (weapon)
Missiles
 j - 2 poisoned darts (quivered)
Armour
 a - a +0 robe
 d - a +0 leather armour (worn)
Jewellery
 e - an amulet of reflection (around neck)
 h - a ring of protection from cold (left hand)
Scrolls
 c - a scroll of teleportation {unknown}
Potions
 b - a potion of magic
 i - a potion of attraction {unknown}


   Skills:
 + Level 1.7 Dodging
 + Level 1.8 Stealth
 + Level 2.2 Spellcasting
 + Level 4.0 Ice Magic


You had 4 spell levels left.
You knew the following spells:

 Your Spells              Type           Power      Damage    Failure   Level
a - Freeze                Ice            56%        1d7       5%          1

Your spell library contained the following spells:

 Spells                   Type           Power      Damage    Failure   Level
 Frozen Ramparts          Ice            28%        1d4       17%         3
 Ozocubu's Armour         Ice            14%        N/A       17%         3
 Hailstorm                Conj/Ice       8%         3d4       77%         4


Dungeon Overview and Level Annotations

Branches:
Dungeon (2/15)

Altars:


Innate Abilities, Weirdness & Mutations

You have a small tail.


Message History

You throw a stone. The stone hits the worm.
The worm is lightly wounded.
Casting: Freeze (safe; 5% risk of failure)
Confirm with . or Enter, or press ? or * to list all spells.
Aiming: Freeze (safe; 5% risk of failure)
Press: ? - help, Shift-Dir - straight line, f/p - worm
Aim: a worm You freeze the worm.
The worm is lightly wounded.
The worm bites you!
Unknown command.
Casting: Freeze (safe; 5% risk of failure)
Confirm with . or Enter, or press ? or * to list all spells.
Aiming: Freeze (safe; 5% risk of failure)
Press: ? - help, Shift-Dir - straight line, f/p - worm
Aim: a worm You freeze the worm!
The worm is heavily wounded.
You hit the worm.
The worm is heavily wounded.
The worm bites you.
You hit the worm.
The worm is heavily wounded.
The worm barely misses you.
Casting: Freeze (safe; 5% risk of failure)
Confirm with . or Enter, or press ? or * to list all spells.
Aiming: Freeze (safe; 5% risk of failure)
Press: ? - help, Shift-Dir - straight line, f/p - worm
Aim: a worm (heavily wounded)
You freeze the worm.
The worm is severely wounded.
Casting: Freeze (safe; 5% risk of failure)
Confirm with . or Enter, or press ? or * to list all spells.
Aiming: Freeze (safe; 5% risk of failure)
Press: ? - help, Shift-Dir - straight line, f/p - worm
Aim: a worm (severely wounded)
You freeze the worm.
The worm is almost dead.
The worm bites you!
You die...

### ###....
##########.......
#.......w@.#
#.########## #.#
#w# #†# #.#
######.#######
#............. #
#...[..#####.#
##.#


You could see a worm.

Vanquished Creatures
  A ball python (D:1)
  3 endoplasms
  A goblin (D:2)
  2 hobgoblins
  A jackal (D:1)
  2 kobolds (D:1)
  A bat (D:2)
  A frilled lizard (D:1)
  A rat (D:1)
13 creatures vanquished.

Notes
Turn   | Place    | Note
-------+----------+-------------------------------------------
     0 | D:1      | jlumianski the Demonspawn Ice Elementalist began the quest
                  | for the Orb.
     0 | D:1      | Reached XP level 1. HP: 13/13 MP: 3/3
   173 | D:1      | Found a faded altar of an unknown god.
   349 | D:1      | Gained mutation: You have a small tail. [demonic ancestry]
   349 | D:1      | Reached XP level 2. HP: 16/19 MP: 5/5
   419 | D:1      | You fall into a shaft and drop 1 floor!
   443 | D:2      | Reached skill level 4 in Ice Magic
   570 | D:2      | Slain by a worm

Illustrated notes

Levels and vault maps discovered:
D:1:      saegor_arrival_miasma, layout_basic,
          shapermc_ecumenical_altar_mp_vishouse, nicolae_titane
D:2:      layout_loops_ring, uniq_jessica

Skill      XL: |  1  2 |
---------------+-------+-----
Ice Magic      | 4 |  4.0
Dodging        | |  1.7
Stealth        | |  1.8
Spellcasting   | |  2.2

Action                   || total
-------------------------++-------
Melee: Rapier            ||     9
       Tailslap          ||     1
Throw: Stone             ||     4
 Cast: Freeze            ||    17
Armor: Leather armour    ||     2
Dodge: Dodged            ||     8
Block: Other             ||     2
       Reflection        ||     1

Table legend: (Time is in decaauts)
 A = Elapsed time spent in this place.
 B = Non-inter-level travel time spent in this place.
 C = Inter-level travel time spent in this place.
 D = Time resting spent in this place.
 E = Time spent auto-exploring this place.
 F = Levels seen in this place.
 G = Mean time per level.
                   A        B        C        D        E       F      G
               +--------+--------+--------+--------+--------+-----+--------+
         Total |    572 |    572 |      0 |     40 |    270 |   2 |  286.0 |
       Dungeon |    572 |    572 |      0 |     40 |    270 |   2 |  286.0 |
               +--------+--------+--------+--------+--------+-----+--------+

Top non-repeatable levels by time:
     D:1: 469 daAuts
     D:2: 103 daAuts
